AoeStats
← darador86

Coastal Forest

510453203Analyzed
4v4 RM · 2d ago on Oct 1, 2026· 73m 56s· 8 players
Game mode
Random Map
Map size
Large (8 player)
Population
200
Speed
Normal
Resources
Standard
Victory
Conquest
Starting age
Dark Age
Ending age
Imperial Age
RankedLock teamsTeams togetherTeam positionsShared explorationLock speedFull tech treeHidden civsTurbo modeCheats
Victory
Defeat
🇲🇽 Burgundians · Mexico
737
+10
🇲🇽 Spanish · Mexico
691
+12
🇲🇽 Celts · Mexico
648
+14
🇨🇴 Khmer · Colombia
609
+15
🇦🇷 Koreans · Argentina
705
-16
🇦🇷 Chinese · Argentina
676
-15
🇨🇳 Huns · China
513
-10
🇨🇳 Cumans · China
513
-10
lalopm9
0:47 Loom
11:04 Feudal Age
12:41 Wheelbarrow
12:11 Double-Bit Axe
16:18 Horse Collar
17:10 Stone Mining
22:27 Gold Mining
29:33 Castle Age
30:21 Heavy Plow
30:35 Bow Saw
31:58 Hand Cart
31:39 Fletching
36:50 Stone Shaft Mining
38:41 Caravan
46:35 Scale Barding Armor
46:26 Bodkin Arrow
46:33 Padded Archer Armor
47:49 Ballistics
47:36 Thumb Ring
50:11 Imperial Age
51:06 Bloodlines
50:56 Husbandry
50:17 Light Cavalry
51:36 Elite Conquistador
62:48 Hussar
ROMA
0:28 Loom
11:58 Feudal Age
10:59 Double-Bit Axe
21:42 Castle Age
20:01 Stone Mining
19:57 Horse Collar
22:27 Forging
27:23 Wheelbarrow
26:34 Town Watch
30:35 Iron Casting
30:01 Scale Mail Armor
30:07 Scale Barding Armor
32:03 Hand Cart
33:55 Burgundian Vineyards
36:49 Imperial Age
38:31 Chemistry
37:27 Murder Holes
37:44 Fortified Wall
38:43 Conscription
38:29 Husbandry
40:20 Heavy Plow
40:14 Gold Mining
41:00 Stone Shaft Mining
40:50 Ballistics
41:38 Blast Furnace
40:53 Chain Mail Armor
40:29 Fletching
40:55 Cavalier
40:56 Light Cavalry
42:05 Elite Coustillier
46:13 Bodkin Arrow
48:02 Bow Saw
48:17 Hussar
49:34 Crop Rotation
50:07 Two-Man Saw
51:37 Elite Skirmisher
52:56 Squires
52:17 Pikeman
52:42 Arson
55:11 Gold Shaft Mining
59:06 Halberdier
65:42 Paladin
millo_emi
0:31 Loom
acardonahenao99
5:41 Loom
12:49 Feudal Age
13:19 Double-Bit Axe
18:10 Castle Age
16:37 Horse Collar
16:56 Gold Mining
18:29 Stone Mining
20:20 Town Watch
21:19 Wheelbarrow
21:25 Bow Saw
28:26 Hand Cart
30:42 Gold Shaft Mining
30:45 Stone Shaft Mining
30:14 Heavy Plow
34:29 Imperial Age
34:15 Bloodlines
34:05 Husbandry
34:30 Ballistics
34:20 Masonry
34:06 Murder Holes
34:12 Pikeman
36:23 Conscription
36:20 Scale Barding Armor
36:26 Forging
36:06 Fletching
36:17 Scale Mail Armor
40:13 Elite Ballista Elephant
42:02 Chemistry
43:48 Halberdier
44:38 Heavy Scorpion
46:01 Arson
46:40 Chain Barding Armor
46:56 Iron Casting
46:37 Chain Mail Armor
47:11 Caravan
48:05 Siege Engineers
47:46 Light Cavalry
50:38 Double Crossbow
50:41 Tusk Swords
52:17 Architecture
52:26 Plate Barding Armor
51:47 Bodkin Arrow
53:11 Hussar
62:55 Hoardings
72:40 Town Patrol
72:50 Devotion
73:03 Fortified Wall
73:05 Careening
73:05 Clinker Construction
72:46 Heated Shot
72:47 Guard Tower
73:03 Siphons
72:21 Onager
72:22 Capped Ram
72:26 Elite Battle Elephant
72:28 Cavalier
74:12 Blast Furnace
73:13 Bracer
73:13 Padded Archer Armor
73:46 Crop Rotation
73:35 Medium Warships
72:48 Demolition Ship
72:49 Elite Cannon Galleon
darador86
13:06 Feudal Age
21:22 Horse Collar
21:30 Double-Bit Axe
29:18 Castle Age
30:29 Pikeman
33:19 Heavy Plow
34:22 Great Wall
37:03 Imperial Age
35:15 Bow Saw
36:12 Gold Mining
36:13 Stone Mining
39:23 Town Watch
40:42 Murder Holes
40:59 Masonry
44:16 Two-Man Saw
44:08 Gold Shaft Mining
43:24 Stone Mining
44:02 Halberdier
45:47 Town Patrol
51:02 Elite Chu Ko Nu
53:55 Fishing Lines
55:48 Wheelbarrow
56:20 Ballistics
57:00 Chemistry
56:33 Architecture
62:11 Hand Cart
61:53 Gillnets
64:51 Chemistry
64:21 Careening
64:22 Clinker Construction
65:27 Medium Warships
64:37 Demolition Ship
66:01 Shipwright
DiamanteX3191
7:35 Loom
10:19 Loom
13:14 Feudal Age
13:48 Double-Bit Axe
13:48 Horse Collar
14:52 Wheelbarrow
18:45 Stone Mining
18:47 Gold Mining
19:18 Fletching
23:50 Castle Age
22:36 Man-at-Arms
25:04 Bodkin Arrow
25:30 Murder Holes
27:32 Stone Shaft Mining
27:33 Gold Shaft Mining
27:29 Pikeman
29:13 Bow Saw
31:22 Masonry
32:00 Eupseong
34:59 Ballistics
35:10 Heavy Plow
41:11 Imperial Age
40:36 Town Watch
41:53 Scale Barding Armor
46:54 Chemistry
48:37 Bracer
50:20 Two-Man Saw
52:53 Elite War Wagon
55:47 Conscription
56:16 Hand Cart
57:48 Husbandry
ling147
16:16 Feudal Age
17:06 Fishing Lines
18:18 Wheelbarrow
17:28 Town Watch
20:07 Double-Bit Axe
20:11 Horse Collar
21:47 Loom
23:39 Gold Mining
23:40 Stone Mining
28:33 Castle Age
30:02 Town Patrol
30:18 Hand Cart
31:50 Caravan
32:20 Coinage
31:55 Heavy Plow
32:07 Bow Saw
31:56 Gillnets
37:27 Imperial Age
35:33 Ballistics
37:27 Gold Shaft Mining
40:27 Chemistry
38:51 Elite Steppe Lancer
40:36 Two-Man Saw
40:24 Crop Rotation
40:01 Squires
39:21 Pikeman
40:53 Halberdier
41:48 Scale Mail Armor
41:58 Forging
41:38 Fletching
41:49 Padded Archer Armor
41:55 Scale Barding Armor
43:12 Parthian Tactics
42:07 Heavy Cavalry Archer
43:06 Masonry
43:21 Chain Mail Armor
43:12 Cuman Mercenaries
44:49 Leather Archer Armor
45:10 Iron Casting
44:30 Bodkin Arrow
45:06 Conscription
45:13 Conscription
44:29 Elite Kipchak
45:53 Banking
46:29 Steppe Husbandry
46:37 Steppe Husbandry
47:01 Chain Barding Armor
47:12 Plate Mail Armor
47:44 Arson
54:56 Plate Mail Armor
55:27 Blast Furnace
55:02 Plate Barding Armor
54:58 Ring Archer Armor
62:35 Cavalier
63:06 Onager
64:32 Siege Onager
林北才是接班人
11:07 Feudal Age
16:35 Castle Age
19:08 Double-Bit Axe
19:38 Horse Collar
20:42 Heavy Plow
21:26 Wheelbarrow
26:23 Hand Cart
26:33 Bloodlines
26:23 Husbandry
27:14 Forging
27:10 Scale Barding Armor
27:08 Caravan
32:34 Imperial Age
32:56 Cavalier
34:12 Paladin
35:20 Conscription
37:02 Gold Mining
37:06 Stone Mining
38:18 Squires
37:40 Pikeman
42:01 Capped Ram
46:53 Halberdier
47:43 Arson
48:23 Bow Saw
47:57 Siege Ram
52:47 Iron Casting
52:33 Chain Barding Armor
62:51 Ballistics
63:32 Light Cavalry
65:51 Hussar
Connection lost

Rejoining the realm…

Still unreachable

The connection could not be restored.

Session expired

The server has moved on; the page needs a fresh start.